 Dungeon Crawl Stone Soup version 0.29-a0-330-g52719c12eb (webtiles) character file.

Game seed: 4344007183614455398

13 kae the Insei (level 2, -1/23 HPs)
             Began as a Demigod Transmuter on Apr 21, 2022.
             Slain by a jackal (3 damage)
             ... on level 1 of the Dungeon.
             The game lasted 00:00:17 (422 turns).

kae the Insei (Demigod Transmuter)                   Turns: 422, Time: 00:00:18

Health: -1/23      AC:  2    Str: 11    XL:     2   Next: 12%
Magic:  6/7        EV: 12    Int: 15    God:
Gold:   0          SH:  0    Dex: 14    Spells: 3/4 levels left

rFire   . . .      SeeInvis .     - Unarmed
rCold   . . .      Faith    .   (no shield)
rNeg    . . .      Spirit   .   a - +0 robe
rPois   .          Reflect  .   (helmet currently unavailable)
rElec   .          Harm     .   (no cloak)
rCorr   .          Rampage  .   (no gloves)
Will    .....                   (boots currently unavailable)
Stlth   +.........              (no amulet)
HPRegen 0.07/turn               (no ring)
MPRegen 0.10/turn               (no ring)

@: appendages (expiring), attractive, hasted, very quick
A: horns 2, talons 2, high MP 1, forlorn, divine attributes
a: End Transformation


You were on level 1 of the Dungeon.
You had temporarily grown beastly horns and talons.
You visited 1 branch of the dungeon, and saw 1 of its levels.

Inventory:

Armour
 a - a +0 robe (worn)
Scrolls
 d - a scroll of identify {unknown}
Potions
 b - a potion of lignification


   Skills:
 + Level 1.1 Fighting
 - Level 1.7 Dodging
 + Level 2.8 Unarmed Combat
 + Level 1.9 Spellcasting
 * Level 2.1 Transmutations


You had 3 spell levels left.
You knew the following spells:

 Your Spells              Type           Power      Damage    Failure   Level
a - Beastly Appendage     Tmut           16%        N/A       9%          1

Your spell library contained the following spells:

 Spells                   Type           Power      Damage    Failure   Level
 Wereblood                Tmut           8%         N/A       14%         2
 Spider Form              Tmut/Pois      4%         N/A       38%         3
 Ice Form                 Ice/Tmut       4%         N/A       80%         4


Dungeon Overview and Level Annotations

Branches:
Dungeon (1/15)


Innate Abilities, Weirdness & Mutations

You have temporarily grown beastly horns and talons.
You have an increased reservoir of magic. (+10% MP)
You shall have no god before yourself.
Your divine heritage dramatically boosts your attributes as you level up.


Message History

The jackal barks!
A jackal is nearby!
Casting: Beastly Appendage (safe; 10% risk of failure)
Confirm with . or Enter, or press ? or * to list all spells.
You extend your transformation's duration.
A jackal comes into view.
The jackal bites you but does no damage.
A jackal comes into view.
The jackal barely misses you.
You barely miss the jackal. The jackal misses you.
The jackal closely misses you.
You hit the jackal but do no damage. You headbutt the jackal.
You kill the jackal!
A dart slug comes into view.
You hit the jackal but do no damage. Your kick misses the jackal.
The jackal misses you.
You hit the jackal but do no damage. The jackal bites you.
You hit the jackal.
The jackal is almost dead.
Your transformation is almost over.
The jackal misses you. The jackal bites you.
* * * LOW HITPOINT WARNING * * *
You hit the jackal but do no damage. Your kick misses the jackal.
The jackal is almost dead.
The jackal barely misses you. The jackal closely misses you.
The jackal bites you.
* * * LOW HITPOINT WARNING * * *
The jackal attacks as you move away! The jackal misses you.
The jackal barely misses you. The jackal misses you.
It was a potion of attraction.
You feel attractive to monsters. The jackal bites you.
* * * LOW HITPOINT WARNING * * *
The jackal closely misses you.
It was a potion of haste.
You feel yourself speed up. The jackal barely misses you.
You closely miss the jackal.
The jackal is almost dead.
The jackal bites you.
You die...

#. .# .###.# ###
.... ### #.. ... ...
#.# #.# #.# # #.#
#.## #.# #.# #..##
#.#
###.####.#.###w#####
........###.†.hh@..#
.##.#.##.#.###.###.#
##..##.#..) #.# #
#.#.. ........#.
##...#.....### ##
#.........
##.#.....## .##...##


You could see a dart slug and 2 jackals.

Vanquished Creatures
  3 endoplasms (D:1)
  A goblin (D:1)
  3 hobgoblins (D:1)
  2 jackals (D:1)
  A rat (D:1)
10 creatures vanquished.

Notes
Turn   | Place    | Note
-------+----------+-------------------------------------------
     0 | D:1      | kae the Demigod Transmuter began the quest for the Orb.
     0 | D:1      | Reached XP level 1. HP: 15/15 MP: 5/5
   169 | D:1      | Reached skill level 1 in Fighting
   405 | D:1      | Reached XP level 2. HP: 12/23 MP: 5/7
   422 | D:1      | Slain by a jackal

Illustrated notes

Levels and vault maps discovered:
D:1:      dpeg_arrival_leaves_temple_mockup, layout_loops_ring

Skill      XL: |  1 |
---------------+----+-----
Fighting       | 1 |  1.1
Transmutations | 2 |  2.1
Dodging        | |  1.7
Unarmed Combat | |  2.8
Spellcasting   | |  1.9

Action                   || total
-------------------------++-------
Melee: Unarmed           ||    26
       Kick              ||     3
       Headbutt          ||     4
 Cast: Beastly Appendage ||     5
  Use: Potion            ||     2
Armor: Robe              ||     4
Dodge: Dodged            ||    17

Table legend: (Time is in decaauts)
 A = Elapsed time spent in this place.
 B = Non-inter-level travel time spent in this place.
 C = Inter-level travel time spent in this place.
 D = Time resting spent in this place.
 E = Time spent auto-exploring this place.
 F = Levels seen in this place.
 G = Mean time per level.
                   A        B        C        D        E       F      G
               +--------+--------+--------+--------+--------+-----+--------+
         Total |    420 |    420 |      0 |    139 |    225 |   1 |  420.0 |
       Dungeon |    420 |    420 |      0 |    139 |    225 |   1 |  420.0 |
               +--------+--------+--------+--------+--------+-----+--------+

Top non-repeatable levels by time:
     D:1: 420 daAuts
